 Dungeon Crawl Stone Soup version 0.29-a0-892-g2c4c91d9db (webtiles) character file.

Game seed: 14006001496350786810

103 Infernotoast the Poker (level 4, -2/45 HPs)
             Began as an Ogre Gladiator on July 22, 2022.
             Slain by an orc priest
             ... wielding a +0 dagger
              (3 damage)
             ... on level 3 of the Dungeon.
             The game lasted 00:13:46 (1435 turns).

Infernotoast the Poker (Ogre Gladiator)             Turns: 1435, Time: 00:13:47

Health: -2/45      AC:  3    Str: 20    XL:     4   Next: 79%
Magic:  13/13      EV: 14    Int:  9    God:
Gold:   70         SH:  0    Dex: 10    Spells: 3/3 levels left

rFire   . . .      SeeInvis .   k - +0 spear
rCold   . . .      Faith    .   (no shield)
rNeg    . . .      Spirit   .   b - +0 robe
rPois   .          Reflect  .   c - +0 hat
rElec   .          Harm     .   (no cloak)
rCorr   .          Rampage  .   (gloves unavailable)
Will    .....                   (boots unavailable)
Stlth   +.........              (no amulet)
HPRegen 0.15/turn               l - ring of magical power
MPRegen 0.13/turn               m - +4 ring of evasion

@: no status effects
A: large, unfitting armour, tough skin 1
a: no special abilities


You were on level 3 of the Dungeon.
You visited 1 branch of the dungeon, and saw 3 of its levels.

You collected 70 gold pieces.

Inventory:

Hand Weapons
 a - a +0 trident
 k - a +0 spear (weapon)
 o - a +0 halberd
Missiles
 d - 2 throwing nets (quivered)
 e - a large rock
 i - 24 stones
Armour
 b - a +0 robe (worn)
 c - a +0 hat (worn)
Magical Staves
 h - a staff of cold
 p - a staff of poison
Jewellery
 l - a ring of magical power (left hand)
 m - a +4 ring of evasion (right hand)
 n - a ring of ice
Scrolls
 f - a scroll of vulnerability {unknown}
 g - a scroll of brand weapon {unknown}
Potions
 j - 2 potions of attraction {unknown}


   Skills:
 + Level 3.4 Fighting
 + Level 3.9 Polearms
 + Level 2.1 Throwing
 + Level 3.8 Dodging
 + Level 0.2 Stealth


You had 3 spell levels left.
You didn't know any spells.
Your spell library contained the following spells:

 Spells                   Type           Power      Damage    Failure   Level
 Beastly Appendage        Tmut           0%         N/A       38%         1
 Wereblood                Tmut           0%         N/A       52%         2
 Portal Projectile        Hex/Tloc       0%         N/A       77%         3
 Spider Form              Tmut/Pois      0%         N/A       77%         3
 Tukima's Dance           Hex            0%         N/A       77%         3
 Leda's Liquefaction      Hex/Erth       0%         N/A       99%         4
 Blade Hands              Tmut           0%         N/A       100%        5
 Lee's Rapid Deconstruct  Erth           0%         3d5*      100%        5
 Statue Form              Tmut/Erth      0%         N/A       100%        6


Dungeon Overview and Level Annotations

Branches:
Dungeon (3/15)

Altars:


Innate Abilities, Weirdness & Mutations

You are too large for most types of armour.
You have tough skin. (AC +1)


Message History

p - a staff of poison You see here a +0 hand axe.
You see here a +0 dagger.
Items here: ))))) ††.
There is an open door, spattered with blood here.
There is an escape hatch in the floor here. 2 orcs and an orc priest come into view.
The orc priest shouts!
You hear a shout!
The orc priest invokes the aid of Beogh against you.
You barely resist.
The orc shouts! x2
You barely miss the orc priest. The orc priest barely misses you.
You hit the orc priest but do no damage.
The orc priest barely misses you.
A gnoll comes into view. It is wielding a +0 club.
You closely miss the orc priest.
The gnoll shouts!
The orc priest closely misses you. The orc barely misses you.
You puncture the orc!
You kill the orc!
The orc priest hits you with a +0 dagger.
You barely miss the orc priest.
A gnoll comes into view. It is wielding a +0 flail.
The orc priest completely misses you. The orc hits you with a +0 whip.
You barely miss the orc.
The orc priest invokes the aid of Beogh against you.
Beogh smites you!
* * * LOW HITPOINT WARNING * * *
The orc barely misses you.
The gnoll shouts!
You barely miss the orc priest. The orc priest barely misses you.
The orc closely misses you.
You puncture the orc!
You kill the orc!
The orc priest calls down the wrath of Beogh upon you.
Pain shoots through your body!
* * * LOW HITPOINT WARNING * * *
The orc priest attacks as you move away!
The orc priest hits you with a +0 dagger.
You die...

#### ..... .#.#..#....
##.#...###.g.#
##.....##.##... #.[....
#.#....# # .....# ##.##
#.o####..##
....####...####g@.......
...##)...).)..##.######.
.<..####...#'##..#
...†.#.##.##.#..##
........#.#....>.#
.......##.##.[##.#
..###...###......# ..#
#.#..#..####..... #.#
#.##.....# #####


You could see an orc priest and 2 gnolls.

Vanquished Creatures
  A gnoll (D:3)
  5 adders (D:2)
  A dart slug (D:2)
  4 orcs (D:3)
  6 bats
  3 endoplasms (D:1)
  4 goblins
  3 hobgoblins
  2 quokkas (D:2)
  4 ball pythons (D:1)
  2 frilled lizards
  5 kobolds
  7 rats
47 creatures vanquished.

Notes
Turn   | Place    | Note
-------+----------+-------------------------------------------
     0 | D:1      | Infernotoast the Ogre Gladiator began the quest for the
                  | Orb.
     0 | D:1      | Reached XP level 1. HP: 22/22 MP: 1/1
    88 | D:1      | Reached XP level 2. HP: 20/29 MP: 2/2
   409 | D:2      | Found a faded altar of an unknown god.
   450 | D:2      | Reached XP level 3. HP: 22/37 MP: 3/3
   907 | D:2      | Reached XP level 4. HP: 45/45 MP: 4/4
  1434 | D:3      | HP: 1/45 [orc priest/nerve-wracking pain (8)]
  1435 | D:3      | Slain by an orc priest

Illustrated notes

Levels and vault maps discovered:
D:1:      tarquinn_simple_flora_water_f, layout_basic, minmay_domino_4
D:2:      layout_loops_ring, hellmonk_ecumenical_altar_inner_sanctum,
          due_unseen_surprise
D:3:      layout_loops_ring, kennysheep_nondescript,
          minmay_fractal_squares_gapless_5

Skill      XL: |  1  2 |
---------------+-------+-----
Dodging        | 3 |  3.8
Fighting       | 3 |  3.4
Polearms       | |  3.9
Throwing       | |  2.1
Stealth        | |  0.2

Action                   |  1- 3 |  4- 6 || total
-------------------------+-------+-------++-------
Melee: Trident           |    94 |    14 ||   108
       Spear             |       |    48 ||    48
Throw: Throwing net      |     3 |       ||     3
       Large rock        |     1 |       ||     1
  Use: Scroll            |     1 |       ||     1
       Potion            |     1 |       ||     1
 Stab: Sleeping          |       |     1 ||     1
Armor: Robe              |    30 |    22 ||    52
Dodge: Dodged            |    64 |    73 ||   137

Table legend: (Time is in decaauts)
 A = Elapsed time spent in this place.
 B = Non-inter-level travel time spent in this place.
 C = Inter-level travel time spent in this place.
 D = Time resting spent in this place.
 E = Time spent auto-exploring this place.
 F = Levels seen in this place.
 G = Mean time per level.
                   A        B        C        D        E       F      G
               +--------+--------+--------+--------+--------+-----+--------+
         Total |   1454 |   1454 |      0 |    240 |      0 |   3 |  484.7 |
       Dungeon |   1454 |   1454 |      0 |    240 |      0 |   3 |  484.7 |
               +--------+--------+--------+--------+--------+-----+--------+

Top non-repeatable levels by time:
     D:2: 915 daAuts
     D:1: 410 daAuts
     D:3: 128 daAuts
